 Dungeon Crawl Stone Soup version 0.28.0 (webtiles) character file.

Game seed: 10310096274767341212

254 Hasart the Slasher (level 5, -1/45 HPs)
             Began as a Demigod Fighter on Feb 14, 2022.
             Slain by a vampire mosquito (3 damage)
             ... on level 4 of the Dungeon.
             The game lasted 00:05:17 (4635 turns).

Hasart the Slasher (Demigod Fighter)                Turns: 4635, Time: 00:05:17

Health: -1/45      AC:  6    Str: 17    XL:     5   Next: 59%
Magic:  7/7        EV:  9    Int: 10    God:
Gold:   149        SH:  5    Dex: 17    Spells: 4/4 levels left

rFire   . . .      SeeInvis +   a - +0 long sword
rCold   . . .      Faith    .   c - +0 buckler
rNeg    . . .      Spirit   .   b - +0 scale mail
rPois   .          Reflect  .   (no helmet)
rElec   .          Harm     .   (no cloak)
rCorr   .          Rampage  .   (no gloves)
Will    .....                   (no boots)
Stlth   ..........              (no amulet)
HPRegen 0.15/turn               k - ring of see invisible
MPRegen 0.10/turn               (no ring)

@: mighty
A: high MP 1, forlorn, divine attributes, mutation resistance 1
a: no special abilities


You were on level 4 of the Dungeon.
You visited 1 branch of the dungeon, and saw 5 of its levels.

You collected 149 gold pieces.

Inventory:

Hand Weapons
 a - a +0 long sword (weapon)
Missiles
 o - 2 poisoned darts (quivered)
Armour
 b - a +0 scale mail (worn)
 c - a +0 buckler (worn)
Jewellery
 k - a ring of see invisible (left hand)
Scrolls
 f - 2 scrolls of enchant weapon {unknown}
 g - 3 scrolls of teleportation {unknown}
 i - 2 scrolls of identify {unknown}
 l - a scroll of enchant armour {unknown}
 m - a scroll of vulnerability {unknown}
 n - a scroll of fog {unknown}
 p - 2 scrolls of immolation {unknown}
 q - 2 scrolls of blinking {unknown}
Potions
 h - a potion of mutation
 j - a potion of lignification {unknown}
 r - a potion of degeneration {unknown}


   Skills:
 + Level 3.4 Fighting
 * Level 3.5 Long Blades
 + Level 0.8 Throwing
 + Level 3.3 Armour
 + Level 1.6 Dodging
 + Level 3.4 Shields


You had 4 spell levels left.
You didn't know any spells.
Your spell library contained the following spells:

 Spells                   Type           Power      Damage    Failure   Level
 Dazzling Flash           Conj/Hex       0%         N/A       99%         3
 Cause Fear               Hex            0%         N/A       100%        4
 Agony                    Necr           0%         N/A       100%        5
 Silence                  Hex/Air        0%         N/A       100%        5
 Dragon Form              Tmut           0%         N/A       100%        7
 Dragon's Call            Summ           0%         N/A       100%        9


Dungeon Overview and Level Annotations

Branches:
Dungeon (5/15)
 Temple: D:4-7

Shops:
D:1 [!=   D:3 (


Innate Abilities, Weirdness & Mutations

You have an increased reservoir of magic. (+10% MP)
You shall have no god before yourself.
Your divine heritage dramatically boosts your attributes as you level up.
You are somewhat resistant to further mutation.


Message History

You feel better. The vampire mosquito bites you.
The vampire mosquito draws strength from your injuries!
You slash the vampire mosquito!
The vampire mosquito is heavily damaged.
The vampire mosquito completely misses you.
The vampire mosquito barely misses you.
You block the vampire mosquito's attack.
You miss the vampire mosquito.
The vampire mosquito is heavily damaged.
The vampire mosquito barely misses you. x2
You miss the vampire mosquito.
The vampire mosquito is heavily damaged.
The vampire mosquito bites you.
* * * LOW HITPOINT WARNING * * *
The vampire mosquito draws strength from your injuries!
You block the vampire mosquito's attack.
The vampire mosquito closely misses you.
You slash the vampire mosquito!
The vampire mosquito is heavily damaged.
The vampire mosquito bites you!
* * * LOW HITPOINT WARNING * * *
The vampire mosquito draws strength from your injuries!
You block the vampire mosquito's attack.
You feel better.
The vampire mosquito completely misses you.
The vampire mosquito bites you.
* * * LOW HITPOINT WARNING * * *
The vampire mosquito draws strength from your injuries!
Unknown command.
It was a potion of mutation.
You feel extremely strange.
You feel genetically stable. The vampire mosquito barely misses you.
The vampire mosquito bites you.
* * * LOW HITPOINT WARNING * * *
The vampire mosquito draws strength from your injuries!
Unknown command.
You miss the vampire mosquito.
The vampire mosquito is moderately damaged.
The vampire mosquito closely misses you.
The vampire mosquito bites you.
You die...

##..............#
##..............## ..
#....†........### ...
#...####.....## ##... #...#
#########..... #...# ##.......
##..## ##........ #...##
###.y....... #....####...@.......
###....##............
##.....................
###.......................####
#...................≈≈≈≈≈≈≈≈≈##
....................≈#≈≈≈≈≈#≈.###
....................≈#≈### #≈.##.
....................≈#≈≈≈≈ #≈....
...................[≈≈≈≈≈≈≈≈≈##.#


You could see a vampire mosquito.

Vanquished Creatures
  An orc priest (D:2)
  3 orc wizards
  6 adders
  2 worms
  2 dart slugs
  5 orcs
  5 endoplasms
  4 giant cockroaches
  7 goblins
  11 hobgoblins
  6 jackals
  4 kobolds
  A quokka (D:1)
  10 ball pythons
  7 bats
  3 frilled lizards
  4 rats
81 creatures vanquished.

Vanquished Creatures (others)
  7 plants
7 creatures vanquished.

Grand Total: 88 creatures vanquished

Notes
Turn   | Place    | Note
-------+----------+-------------------------------------------
     0 | D:1      | Hasart the Demigod Fighter began the quest for the Orb.
     0 | D:1      | Reached XP level 1. HP: 18/18 MP: 3/3
   103 | D:1      | Found Qyefoc's Antique Armour Emporium.
   146 | D:1      | Reached XP level 2. HP: 19/25 MP: 4/4
   223 | D:1      | Found Curphyag's Distillery.
   233 | D:1      | Found Sodd's Jewellery Shop.
  1026 | D:2      | Reached XP level 3. HP: 31/31 MP: 5/5
  1191 | D:3      | Reached skill level 1 in Dodging
  1342 | D:3      | Reached XP level 4. HP: 27/38 MP: 6/6
  2910 | D:3      | Found Ololut's Antique Weapon Shop.
  2920 | D:3      | Identified the +3 whip of Slime {drain, Drain rN++ Dex+3
                  | SInv}
  3148 | D:3      | Reached XP level 5. HP: 45/45 MP: 7/7
  4436 | D:4      | Noticed an ogre
  4600 | D:5      | Entered Level 5 of the Dungeon
  4611 | D:5      | Noticed a vampire mosquito
  4611 | D:5      | Noticed a vampire mosquito
  4611 | D:5      | Noticed a vampire mosquito
  4632 | D:4      | HP: 1/45 [vampire mosquito (10)]
  4634 | D:4      | Gained mutation: You are somewhat resistant to further
                  | mutation. [potion of mutation]
  4635 | D:4      | Slain by a vampire mosquito

Illustrated notes

Levels and vault maps discovered:
D:1:      psy_arrival_statuary, layout_basic, serial_shops,
          nicolae_shop_advertising_works [nicolae_subvault_shop_adworks], shop,
          nicolae_shop_hallway_stairs, ebering_ecumenical_altar_abandoned
D:2:      layout_basic, serial_bayou_pond_e, minmay_misc_feat_more_columns
D:3:      layout_loops_ring, lemuel_tele_altar, serial_shops,
          nicolae_shop_overgrown_old_shop, serial_co_window_serial,
          co_window_paths_a, co_window_paths_b, co_window_of_opportunity_a,
          co_window_paths_a, co_window_corner_a, co_window_corner_b,
          co_window_2corner, co_window_corner_cb, co_window_unsneaky_path_d,
          co_window_of_opportunity_b, co_window_2corner, co_window_broadway_a,
          co_window_paths_d, glass_columns_a, glass_columns_b
D:4:      layout_layer_cave, minitemple, minmay_crystal_water
D:5:      layout_basic, serial_bayou_pond_b

Skill      XL: |  1  2  3  4 |
---------------+-------------+-----
Long Blades    | 2 3 |  3.5
Fighting       | 3 |  3.4
Armour         | 3 |  3.3
Shields        | 3 |  3.4
Dodging        | 1 |  1.6
Throwing       | |  0.8

Action                   |  1- 3 |  4- 6 || total
-------------------------+-------+-------++-------
Melee: Long sword        |   124 |   143 ||   267
Throw: Dart              |       |     3 ||     3
  Use: Potion            |       |     5 ||     5
Armor: Scale mail        |    65 |    47 ||   112
Dodge: Dodged            |    67 |    64 ||   131
Block: Buckler           |    40 |    48 ||    88
